 Dungeon Crawl Stone Soup version 0.20-a0-251-g16a58bf (webtiles) character file.

16 KristoblXynda the Stinger (level 2, 0/20 HPs)
             Began as a Draconian Venom Mage on Nov 30, 2016.
             Slain by an adder (3 damage)
             ... on level 2 of the Dungeon.
             The game lasted 00:01:48 (828 turns).

KristoblXynda the Stinger (Draconian Venom Mage)     Turns: 828, Time: 00:01:49

Health: 0/20       AC:  4    Str: 10    XL:     2   Next: 41%
Magic:  1/5        EV: 12    Int: 15    God:
Gold:   75         SH:  0    Dex: 11    Spells: 4/5 levels left

rFire  . . .     SeeInvis .     c - +0 whip (curse)
rCold  . . .     Gourm    .     (armour unavailable)
rNeg   . . .     Faith    .     (no shield)
rPois  .         Spirit   .     (helmet restricted)
rElec  .         Reflect  .     (no cloak)
rCorr  .         Harm     .     (no gloves)
MR     .....                    (no boots)
Stlth  ++........               (no amulet)
                                (no ring)
                                (no ring)

@: lethally poisoned (0 -> -1)
A: unfitting armour, cold-blooded, AC +4
a: no special abilities


You were on level 2 of the Dungeon.
You were not hungry.

You visited 1 branch of the dungeon, and saw 2 of its levels.

You collected 75 gold pieces.

Inventory:

Hand Weapons
 c - a cursed +0 whip (weapon)
 d - a +1 spear of venom
Books
 a - a Young Poisoner's Handbook

   Spells                             Type                      Level
   a - Sting                          Conjuration/Poison           1
   b - Mephitic Cloud                 Conjuration/Poison/Air       3
   c - Olgreb's Toxic Radiance        Poison                       4
   d - Alistair's Intoxication        Transmutation/Poison         5
   e - Venom Bolt                     Conjuration/Poison           5
Comestibles
 b - 3 bread rations


   Skills:
 - Level 1.7 Dodging
 - Level 1.7 Stealth
 + Level 2.3 Spellcasting
 + Level 0.8 Conjurations
 + Level 4.2 Poison Magic


You had 4 spell levels left.
You knew the following spells:

 Your Spells              Type           Power        Failure   Level  Hunger
a - Sting                 Conj/Pois      #...         10%         1    #......


Dungeon Overview and Level Annotations

Branches:
Dungeon (2/15)

Altars:


Innate Abilities, Weirdness & Mutations

Your plain brown scales are hard. (AC +4)
You cannot fit into any form of body armour.
You are cold-blooded and may be slowed by cold attacks.


Message History

As you read the scroll labeled EKLIOG NIGEIL, it crumbles to dust.
The creatures around you are filled with an inner flame!
It was a scroll of immolation.
You feel sick. The adder barely misses you.
Unknown command.
As you read the scroll labeled RAUDOYXZURR, it crumbles to dust.
You feel aware of your surroundings.
You sensed 2 altars.
It was a scroll of magic mapping.
The adder barely misses you. The adder closely misses you.
As you read the scroll labeled ESOTWI KYUMM, it crumbles to dust.
It is a scroll of enchant weapon.
Your cursed -1 whip glows red for a moment.
The adder closely misses you.
You aren't carrying any potions.
Unknown command.
You feel sick. The adder bites you.
* * * LOW HITPOINT WARNING * * *
The adder closely misses you.
You feel sick. The adder bites you.
You die...

,,,,....##..##...,****,.,,,,,,**
**,,**#...#.##.##,## *.#*****,,**
*,,* ###.......#,.###.#******,,,
*,,* ####....##.....,,,,******
**,** ###....#....***,,,,*** ,,,*
#g...[.#### ****,,,* ,*,*
#..#......# ***,, ,*,*
##S#..###.#********* ,*,****
#.@........,,,,**** ,*,,,,*
#.<#.##....***,,,,,
,****,********#..#..#*##.,,,*****
,**,,,,,,,,,,*#..##.# ****,,*
,,*,,,,,,,,,,*#..#*.# **,****
,,,,,,,,,,,,,*##.#*.#* *,,,,*
,*,,,,,,,,,,,* #.#*..* ****>*
,**,,,,,,,,,,* #>#**,* *,,
***,,,,,,,,,,**#.# *,* ***


You could see an adder (inner flame) and a hobgoblin (inner flame).

Vanquished Creatures
  A worm (D:2)
  A dart slug (D:2)
  A giant cockroach (D:1)
  A hobgoblin (D:1)
  A kobold (D:2)
  2 bats (D:1)
  2 frilled lizards (D:1)
  3 goblins
12 creatures vanquished.

Notes
Turn   | Place    | Note
-------+----------+-------------------------------------------
     0 | D:1      | KristoblXynda the Draconian Venom Mage began the quest for the Orb.
     0 | D:1      | Reached XP level 1. HP: 14/14 MP: 3/3
   724 | D:2      | Reached XP level 2. HP: 20/20 MP: 3/5
   828 | D:2      | Slain by an adder

Vault maps used:
D:1:      minmay_arrival_solitary_statue, roderic_roman_lattice
D:2:      nicolae_overflow_hidden_temple, dk_noncrumbling_3

Action                   || total
-------------------------++-------
Melee: Whip              ||    25
       Tailslap          ||     2
 Cast: Sting             ||    22
  Use: Scroll            ||     3
Armor: Skin              ||     7
Dodge: Dodged            ||    26
